Cogmind - Beta 13 @@@ ROGUE MODE // 2024.06.06 @ 22:33:14 Player: Sionnis Result: Self-destructed Performance ------------- Evolutions (2) 1000 Regions Visited (4) 800 Robots Destroyed (3) 15 Value Destroyed (56) 56 Prototype IDs (0) 0 Alien Tech Used (0) 0 Bonus (200) 200 TOTAL SCORE: 2071 Bonus ------- Pacifist 200 Cogmind --------- Core Integrity 550/550 Matter 263/300 Energy 73/100 System Corruption 0% Temperature Cool (0) Movement Flying (30) Location -8/Materials Parts ------- > --- POWER (1) -------- (None) > --- PROPULSION (4) --- Flight Unit VTOL Module Cesium-ion Thruster > --- UTILITY (4) ------ Structural Scanner > --- WEAPON (2) ------- Mini Grenade Launcher Mace > --- INVENTORY (5) ---- Large Storage Unit Improved Medium Armor Plating Authchip [Processor] Mining Laser Mace Peak State ------------ > --- POWER ------------ (None) > --- PROPULSION ------- Flight Unit VTOL Module Cesium-ion Thruster > --- UTILITY ---------- Structural Scanner > --- WEAPON ----------- Mini Grenade Launcher Mace > --- INVENTORY -------- Large Storage Unit Improved Medium Armor Plating Authchip [Processor] Mining Laser Mace [Rating: 12] Favorites ----------- Power Light Ion Engine Engine Light Ion Engine Propulsion VTOL Module Flight Unit VTOL Module Utility Structural Scanner Device Structural Scanner Protection Light Armor Plating Weapon Mace Launcher Mini Grenade Launcher Impact Weapon Mace Build | -11 -10 -9 -9 -8 ------- Run | Yrd Mat Mat Sto Mat Slots Evolved 4 | . . 2 . 2 Power . | . . . . . Propulsion 2 | . . 1 . 1 Utility 2 | . . 1 . 1 Weapon . | . . . . . Parts Attached 13 | 1 3 3 3 3 Power 1 | 1 . . . . Engine 1 | 1 . . . . Core . | . . . . . Reactor . | . . . . . Propulsion 7 | . 2 1 2 2 Treads . | . . . . . Leg . | . . . . . Wheel . | . . . . . Hover . | . . . . . Flight 7 | . 2 1 2 2 Utility 3 | . 1 1 . 1 Device 1 | . 1 . . . Storage . | . . . . . Processor . | . . . . . Hackware . | . . . . . Protection 2 | . . 1 . 1 Artifact . | . . . . . Weapon 2 | . . 1 1 . Energy Gun . | . . . . . Energy Cannon . | . . . . . Ballistic Gun . | . . . . . Ballistic Cannon . | . . . . . Launcher 1 | . . . 1 . Special Weapon . | . . . . . Impact Weapon 1 | . . 1 . . Slashing Weapon . | . . . . . Piercing Weapon . | . . . . . Special Melee Weapon . | . . . . . Unidentified Prototypes . | . . . . . Parts Lost 5 | . . . 5 . Power 1 | . . . 1 . Propulsion 4 | . . . 4 . Utility . | . . . . . Weapon . | . . . . . Highest Loss Streak 3 | . . . 3 . To Critical Strikes . | . . . . . Average Slot Usage (%) 55 | . 46 66 67 38 Engine 9 | . 14 11 8 . Flight 24 | . 23 33 26 11 Device 9 | . 8 11 11 9 Protection 2 | . . 2 5 . Launcher 2 | . . . 4 9 Impact Weapon 6 | . . 8 11 9 Naked Turns . | . . . . . Heaviest Build 9 | 3 4 9 9 4 Greatest Support 13 | 3 8 12 12 13 Greatest Overweight (x) 1 | . . . 1 . Average Overweight (x) . | . . . . . Largest Inventory Capacity 5 | 5 5 5 5 5 Average Capacity 5 | 5 5 5 5 5 Most Carried 5 | . 3 4 5 5 Average Carried 3 | . 1 2 3 4 Final Capacity 5 | 5 5 5 5 5 Final Carried 5 | . 3 4 5 5 Class Distribution -------------------- 77% | Sprinter 22% | Mutant Dominant Class ---------------- Sprinter | -10/Materials Sprinter | -9/Materials Sprinter | -9/Storage Mutant | -8/Materials Resources | -11 -10 -9 -9 -8 ----------- Run | Yrd Mat Mat Sto Mat Matter Collected 263 | 134 . . 89 40 Remotely . | . . . . . Salvage Created 65 | . . . 25 40 Parts 4 | . . . 4 . Haulers Intercepted . | . . . . . Recyclers Shooed . | . . . . . Parts Field Recycled . | . . . . . Retrieved Matter . | . . . . . Parts Self-Destructed . | . . . . . Prevented . | . . . . . Kills | -11 -10 -9 -9 -8 ------- Run | Yrd Mat Mat Sto Mat Combat Hostiles Destroyed . | . . . . . Classes Destroyed 3 | . . . 1 2 Builder 1 | . . . 1 . Operator 1 | . . . . 1 Watcher 1 | . . . . 1 Best Kill Streak 1 | . . . 1 1 Combat Bots Only . | . . . . . Max Kills in Single Turn 1 | . . . 1 1 Gunslinging . | . . . . . Exploded . | . . . . . Melee . | . . . . . Uniques/NPCs Destroyed . | . . . . . Combat | -11 -10 -9 -9 -8 -------- Run | Yrd Mat Mat Sto Mat Hostile Shots Fired 62 | . 1 9 52 . Missed 27 | . . 4 23 . Damage Taken 421 | . 11 83 327 . Core 109 | . 11 38 60 . Absorbed by Shields 38 | . . . 38 . Core Remaining (%) 90 | 100 95 . 75 . Volleys Fired . | . . . . . Largest . | . . . . . Hottest . | . . . . . Shots Fired . | . . . . . Gun . | . . . . . Cannon . | . . . . . Launcher . | . . . . . Special . | . . . . . Kinetic . | . . . . . Thermal . | . . . . . Explosive . | . . . . . Electromagnetic . | . . . . . Robot Hit Streak . | . . . . . Robot Miss Streak . | . . . . . Penetration Max . | . . . . . Secondary Targets . | . . . . . Shots Hit Robots 4 | . . 1 1 2 Core Hits 1 | . . . 1 . Critical Kills 1 | . . . 1 . Critical Parts Destroyed 1 | . . . . 1 Critical Strikes 2 | . . . 1 1 Smash 2 | . . . 1 1 Melee Attacks 12 | . . 6 4 2 Impact 12 | . . 6 4 2 Slashing . | . . . . . Piercing . | . . . . . Sneak Attacks 1 | . . . 1 . Combat Hostiles . | . . . . . Follow-up Attacks . | . . . . . Damage Inflicted 173 | . . 23 71 79 Guns . | . . . . . Cannons . | . . . . . Explosions . | . . . . . Melee 172 | . . 22 71 79 Ramming 1 | . . 1 . . Kinetic . | . . . . . Thermal . | . . . . . Explosive . | . . . . . Electromagnetic . | . . . . . Impact 172 | . . 22 71 79 Slashing . | . . . . . Piercing . | . . . . . Highest Corruption . | . . . . . Average Corruption . | . . . . . Corruption Purged . | . . . . . Corruption Blocked . | . . . . . Overload Shots . | . . . . . Overflow Damage 69 | . . . . 69 Projectiles . | . . . . . Explosions . | . . . . . Melee 69 | . . . . 69 Knockbacks 1 | . . . . 1 Impact 1 | . . . . 1 Kinetic . | . . . . . Secondary . | . . . . . Self-Inflicted Damage . | . . . . . Shots . | . . . . . Rammed 1 | . . 1 . . Targets Rammed 1 | . . 1 . . Kicked . | . . . . . Crushed . | . . . . . Highest Temperature 7 | . . . 7 . Average Temperature 4 | . . . 4 . Received Heat Transfer 179 | . 6 18 155 . Siege Activations . | . . . . . Robots Corrupted . | . . . . . Combat Hostiles . | . . . . . Parts Fried 4 | . . . . 4 Impact Corruptions 4 | . . . . 4 Robots Melted . | . . . . . Combat Hostiles . | . . . . . Parts Melted . | . . . . . Heat Transferred . | . . . . . Parts Sabotaged . | . . . . . Parts Stolen . | . . . . . Parts Stripped . | . . . . . Power Chain Reactions . | . . . . . Alert | -11 -10 -9 -9 -8 ------- Run | Yrd Mat Mat Sto Mat Peak Influence 134 | . 30 67 134 82 Initial 62 | . . 12 27 62 Average 40 | . 25 32 70 27 Maximum Alert Level . | . . . . . Low Security (%) 100 | 100 100 100 100 100 Level 1 . | . . . . . Level 2 . | . . . . . Level 3 . | . . . . . Level 4 . | . . . . . Level 5 . | . . . . . High Security . | . . . . . Max Security . | . . . . . Squads Dispatched 2 | . 1 . 1 . Investigation . | . . . . . Extermination . | . . . . . Reinforcement 2 | . 1 . 1 . Assault . | . . . . . Garrison . | . . . . . Intercept . | . . . . . Searches Triggered . | . . . . . Construction Impeded . | . . . . . Haulers Reinforced . | . . . . . Active Scanning Responses . | . . . . . Cargo Convoy Interrupts . | . . . . . Stealth | -11 -10 -9 -9 -8 --------- Run | Yrd Mat Mat Sto Mat Distress Signals 1 | . . . 1 . Communications Jammed . | . . . . . Distress Signals . | . . . . . Times Spotted 32 | . 4 5 20 3 Peak Tracking Total 19 | . 3 5 19 2 Tactical Retreats 1 | . . . 1 . Traps | -11 -10 -9 -9 -8 ------- Run | Yrd Mat Mat Sto Mat Traps Triggered 1 | . . . 1 . Indirectly . | . . . . . Trap Hack Attempts . | . . . . . Triggered . | . . . . . Disarmed . | . . . . . Reprogrammed . | . . . . . Reused . | . . . . . Traps Extracted . | . . . . . Installed . | . . . . . Triggered . | . . . . . Machines | -11 -10 -9 -9 -8 ---------- Run | Yrd Mat Mat Sto Mat Machines Disabled 1 | . . . 1 . Max in Single Turn 1 | . . . 1 . Machines Repaired . | . . . . . Machines Dismantled . | . . . . . Machines Sabotaged . | . . . . . Overloaded Fab Kills . | . . . . . Hacking | -11 -10 -9 -9 -8 --------- Run | Yrd Mat Mat Sto Mat Machines Accessed 3 | . . 1 1 1 Terminals 3 | . . 1 1 1 Fabricators . | . . . . . Repair Stations . | . . . . . Recycling Units . | . . . . . Scanalyzers . | . . . . . Garrison Access . | . . . . . Total Hacks 9 | . . 4 2 3 Successful 4 | . . 2 1 1 Failed 5 | . . 2 1 2 Catastrophic . | . . . . . Database Lockouts . | . . . . . Manual 4 | . . 4 . . Terminals 9 | . . 4 2 3 Fabricators . | . . . . . Repair Stations . | . . . . . Recycling Units . | . . . . . Scanalyzers . | . . . . . Garrison Access . | . . . . . Terminal Hacks 4 | . . 2 1 1 Robot Analysis 2 | . . 2 . . Open Door 1 | . . . 1 . Unreport Threat 1 | . . . . 1 Fabricator Hacks . | . . . . . Repair Station Hacks . | . . . . . Recycling Unit Hacks . | . . . . . Scanalyzer . | . . . . . Garrison Access Hacks . | . . . . . Unauthorized Hacks . | . . . . . Terminals . | . . . . . Fabricators . | . . . . . Repair Stations . | . . . . . Recycling Units . | . . . . . Scanalyzers . | . . . . . Garrison Access . | . . . . . Data Cores Recovered 1 | . . . . 1 Used 1 | . . . . 1 Hacking Detections 3 | . . 1 1 1 Full Trace Events . | . . . . . Feedback Events . | . . . . . Feedback Blocked . | . . . . . Robot Schematics Acquired . | . . . . . Robots Built . | . . . . . Authchips . | . . . . . Time . | . . . . . Total Robot Build Rating . | . . . . . Part Schematics Acquired . | . . . . . Parts Built . | . . . . . Authchips . | . . . . . Time . | . . . . . Total Part Build Rating . | . . . . . Parts Repaired . | . . . . . Time . | . . . . . Parts Recycled . | . . . . . Recycled Matter . | . . . . . Retrieved Matter . | . . . . . Retrieved Components . | . . . . . Parts Scanalyzed . | . . . . . Part Schematics Acquired . | . . . . . Parts Damaged . | . . . . . Bothacking | -11 -10 -9 -9 -8 ------------ Run | Yrd Mat Mat Sto Mat Used RIF Installer . | . . . . . Robots Hacked . | . . . . . Non-combat . | . . . . . Combat . | . . . . . Robot Hacks Applied . | . . . . . Relay Couplers Released . | . . . . . Fabnet Peak Effective % . | . . . . . Robots Rewired . | . . . . . Allies Hacked . | . . . . . Hacks Repelled . | . . . . . Allies | -11 -10 -9 -9 -8 -------- Run | Yrd Mat Mat Sto Mat Total Allies . | . . . . . Largest Group . | . . . . . Highest-Rated Group . | . . . . . Highest-Rated Ally . | . . . . . Total Orders . | . . . . . Ally Attacks . | . . . . . Total Damage . | . . . . . Kills . | . . . . . Allies Corrupted . | . . . . . Allies Melted . | . . . . . Intel | -11 -10 -9 -9 -8 ------- Run | Yrd Mat Mat Sto Mat Robot Analysis Total 2 | . . 2 . . Derelict Logs Recovered . | . . . . . Drone Launches . | . . . . . Drone Recoveries . | . . . . . Exploration | -11 -10 -9 -9 -8 ------------- Run | Yrd Mat Mat Sto Mat Turns Passed 308 | 12 102 50 98 46 Spaces Moved 648 | 20 217 91 220 100 Core 50 | 20 30 . . . Treads . | . . . . . Legs . | . . . . . Wheels . | . . . . . Hover . | . . . . . Flight 598 | . 187 91 220 100 Fastest Speed 29 | 50 32 29 29 30 Average Speed 33 | 50 34 29 31 34 Slowest Speed 112 | 50 50 29 112 35 Overloaded Moves . | . . . . . Propulsion Burnouts . | . . . . . Robots Hopped 17 | . 3 . 14 . Cave-ins Triggered . | . . . . . Exploration Rate (%) 23 | 3 37 18 47 10 Regions Visited 4 Branch Regions 1 Pre-discovered Areas . | . . . . . Known Exits Taken . | . . . . . Unknown Exits Taken 4 | 1 1 1 1 . Scrap Searched . | . . . . . Spaces Dug 6 | . . 4 2 . Terrain Destroyed 6 | . . 4 2 . Melee 6 | . . 4 2 . Projectile . | . . . . . AOE . | . . . . . Terrain Rammed . | . . . . . Walls Destroyed . | . . . . . Machines Disabled . | . . . . . Actions | -11 -10 -9 -9 -8 --------- Run | Yrd Mat Mat Sto Mat Total 695 | 20 238 103 227 107 Wait 20 | . 19 1 . . Move 613 | 19 210 91 193 100 Hop 15 | . 3 . 12 . Pick Up 8 | . 3 2 3 . Fast Attach 10 | 1 3 2 1 3 Attach 3 | . . 1 2 . Detach 1 | . . . . 1 Swap . | . . . . . Drop 2 | . . . 1 1 Fire . | . . . . . Melee 12 | . . 6 4 2 Ram . | . . . . . Kick . | . . . . . Crush . | . . . . . Escape Stasis 11 | . . . 11 . Rewire . | . . . . . Trap . | . . . . . Miscellaneous . | . . . . . Route ------- -11/Scrapyard -10/Materials (discovered 2 exits: *Mat / [*Min]) -9/Materials (discovered 2 exits: *Mat / *Sto) -9/Storage -8/Materials History --------- Turn | Location | Event 4 | -11/Scrapyard | Discovered new exit (range 15) 13 | -11/Scrapyard | Entered Materials 49 | -10/Materials | Discovered new exit (range 9) 89 | -10/Materials | Discovered new exit (range 12) 115 | -10/Materials | Entered another Materials area 115 | -9/Materials | Evolved 2 slots: Propulsion x1, Utility x1 160 | -9/Materials | Discovered new exit (range 4) 162 | -9/Materials | Discovered new exit (range 13) 165 | -9/Materials | Entered Storage 244 | -9/Storage | Lost 3 parts (3n) 253 | -9/Storage | Discovered new exit (range 16) 263 | -9/Storage | Entered Materials 263 | -8/Materials | Evolved 2 slots: Propulsion x1, Utility x1 309 | -8/Materials | Self-destructed Last Messages --------------- Purged threat record, alert level lowered. 00286_ Acquired Imp. Medium Armor Plating. 00287_ Dropped Lgt. Armor Plating. 00293_ K-01 Serf collects debris. 00297_ Acquired Cesium-ion Thruster. 00300_ Acquired Flight Unit. 00303_ W-25 Informer suffers critical hit (Smash). 00303_ Destroyed Imp. Sensor Array. 00303_ Destroyed Imp. Hover Unit. 00303_ W-25 Informer system corrupted by crushing effect. 00303_ K-01 Serf collects debris. 00304_ W-25 Informer system terminally corrupted. 00304_ Lgt. Deuterium Engine fried. 00304_ Visual Processing Unit fried. 00304_ Imp. Signal Interpreter fried. 00306_ Acquired 30 matter. 00306_ K-01 Serf collects debris. Map ----- +----------------------------------------------------+ | ????????????????????????? [[#### | | ????????????????????????? [[#### " | | ????????????????????????""" """" !!#### [ " | | ????????????????????????""" """" !!#### " | | ???????????????????? """" """" ############+# | | ??????????????????? | | ??????????????????? | | ??????????????????? | | ????????????????????? ############ ########+###### | | ????????????????????? # ##### ###### ### | | ????????????????????????????????## ##??## ##? | | ????????????????????????????????## ##??## ##? | | ????????????????????????????????## ##??## ##? | | ????????????????????????????????## ##??## ##? | | ????????????????????????????????## ##??## ##? | | ????????????????????????????????## ##??##########? | | ????????????????????????????????## ##??##########? | | ????????????????????????????????## ##????????????? | | ??????????????????????????????#### ###########???? | | ??????????????????################ ###########???? | | ??????????????????############## # ##???? | | ????????????????? # # # ##???? | | ?????????????????## " """"" # # ##???? | | ?????????????????## """"""""" + + ##???? | | ?????????????????## """ """ # # [[[ ##???? | | ?????????????????## @ # # [[[ ##???? | | ?????????????????############### # [[ ##???? | | ?????????????????###### ### # ##???? | | ??????????????????????????????## # ##???? | | ??????????????????????????????## ###########???? | | ??????????????????????????????## ## ###???? | | ??????????????????????????????## ##????????????? | | ??????????????????????????????## ##????????????? | | ??????????????????????????????## ##????????????? | | ?????????????????????????????? ##????????????? | | ??????????????????????????????? +????????????? | | ?????????????????????????????? ##????????????? | | ??????????????????????????????#######????????????? | | ?????????????????????????????? #????????????? | | ?????????????????????????????????????????????????? | | ?????????????????????????????????????????????????? | | ?????????????????????????????????????????????????? | | ?????????????????????????????????????????????????? | | ?????????????????????????????????????????????????? | | ?????????????????????????????????????????????????? | | ?????????????????????????????????????????????????? | | ?????????????????????????????????????????????????? | | ?????????????????????????????????????????????????? | | ?????????????????????????????????????????????????? | | ?????????????????????????????????????????????????? | +----------------------------------------------------+ Best States ------------- Heat Dissipation 31 Energy Generation 10 Energy Capacity 125 Matter Stores 263 Matter Capacity 300 Sight Range 16 Terrain Scan Density 10 Armor Coverage 150 Evasion (%) 64 Authchip Count 1 Item Schematics ----------------- None Robot Schematics ------------------ None Fabricated ------------ Nothing Alien Tech Used ----------------- None Achievements -------------- None Challenges ------------ None Game ------ Seed gottagofast Manual? 1 Play Time 00:09:03 Cumulative 159.8 hours Start 2024.06.06 @ 22:23:35 End 2024.06.06 @ 22:33:14 Sessions 1 Manual Loads 0 Difficulty Rogue Special Mode None Game No. 162 Rogue 162 Adventurer 0 Explorer 0 Win Type - Total 9 Types 8/0/0/1/0/0/0/0/0 Lore% 67 Gallery% 78 Achievement% 64 Wizard Run 0 Options --------- Layout 1 ASCII 0 Keyboard 0 Movement Numpad Keybinds 0 Fullscreen 1 Font 24/Smallcaps Map View 50x35 Zoom Use 0% Tactical HUD 1 Map Filters NONE Filters NONE Steam 1 RUN: 30c36df7-edcb-4364-8e83-7273e620aa60